 Dungeon Crawl Stone Soup version 0.30-a0-373-gd37427bb62 (webtiles) character file.

Game seed: 14638016299350321635

62 fozzywoppz the Trooper (level 3, -1/34 HPs)
             Began as a Minotaur Fighter on Nov 25, 2022.
             Slain by a hobgoblin (6 damage)
             ... led by Robin
             ... on level 2 of the Dungeon.
             The game lasted 00:02:21 (897 turns).

fozzywoppz the Trooper (Minotaur Fighter)            Turns: 897, Time: 00:02:22

Health: -1/34      AC:  8    Str: 20    XL:     3   Next: 85%
Magic:  2/2        EV:  9    Int:  5    God:
Gold:   83         SH:  9    Dex: 11    Spells: 2/2 levels left

rFire   + . .      SeeInvis .    a - +0 war axe
rCold   . . .      Faith    .    c - +0 buckler
rNeg    . . .      Spirit   .    b - +0 scale mail
rPois   .          Reflect  +    (helmet restricted)
rElec   .          Harm     .    k - +0 cloak
rCorr   .          Rampage  .    (no gloves)
Will    .....                    (no boots)
Stlth   ..........               i - amulet of reflection
HPRegen 0.25/turn                f - ring of protection from fire
MPRegen 0.08/turn                (no ring)

@: no status effects
A: horns 2, retaliatory headbutt
a: no special abilities


You were on level 2 of the Dungeon.
You visited 1 branch of the dungeon, and saw 2 of its levels.

You collected 83 gold pieces.

Inventory:

Hand Weapons
 a - a +0 war axe (weapon)
 j - a +1 dagger of draining
Armour
 b - a +0 scale mail (worn)
 c - a +0 buckler (worn)
 k - a +0 cloak (worn)
Jewellery
 f - a ring of protection from fire (left hand)
 i - an amulet of reflection (around neck)
Scrolls
 e - 2 scrolls of enchant armour {unknown}
 g - a scroll of fear {unknown}
Potions
 d - 3 potions of might
 h - 4 potions of ambrosia {unknown}
 l - 2 potions of curing {unknown}


   Skills:
 * Level 4.6 Fighting
 + Level 3.1 Axes
 + Level 4.1 Armour
 + Level 4.1 Shields


You had 2 spell levels left.
You didn't know any spells.
Your spell library was empty.

Dungeon Overview and Level Annotations

Branches:
Dungeon (2/15)

Altars:

Annotations:
D:2 Robin


Innate Abilities, Weirdness & Mutations

You have a pair of horns on your head.
You reflexively headbutt those who attack you in melee.


Message History

You block the goblin's attack.
Robin roars a battlecry!
The goblins go into a battle-frenzy!
The hobgoblin attacks as you move away! The hobgoblin closely misses you.
Robin throws the goblin at you!
You slash the goblin!
You kill the goblin!
You hit the hobgoblin.
The hobgoblin no longer looks unusually strong. x2
The hobgoblin hits you but does no damage.
You block the hobgoblin's attack.
You hit the hobgoblin but do no damage. Your headbutt misses the hobgoblin.
The hobgoblin is moderately wounded.
You barely miss the hobgoblin. The hobgoblin barely misses you.
You furiously retaliate!
You headbutt the hobgoblin. The hobgoblin barely misses you.
You barely miss the hobgoblin. You headbutt the hobgoblin.
You kill the hobgoblin!
You hit the hobgoblin.
The hobgoblin hits you but does no damage.
The goblin hits you with a +0 club. You block the hobgoblin's attack.
You are too injured to fight recklessly!
You are too injured to fight recklessly!
You are too injured to fight recklessly!
Unknown command.
You slash the hobgoblin!
You kill the hobgoblin!
You hit the goblin. You slash the hobgoblin!
You kill the hobgoblin!
Robin closely misses you.
You closely miss the goblin.
The goblin is heavily wounded.
You hit the hobgoblin. The goblin hits you with a +0 club.
Robin says, "We wiped out the hill dwarves - you're next!"
Robin hits you from afar with a +0 trident of protection.
* * * LOW HITPOINT WARNING * * *
The hobgoblin hits you.
* * * LOW HITPOINT WARNING * * *
The hobgoblin attacks as you move away! The hobgoblin hits you.
You die...

..##...#....###.....##.#..
...........###.........#..
#..####.#...#.........##..
#.. #.###...........##..
#...###..###..............
#.........#(.........#..#
##..###.#............##..
..##..##)##.......)..###..
........g@................
#.##....g####.............
####.g)...............#
##.#..#..........#..
##)#...............#
#..##..........#.#..
#......[......##...#
#..)......#..#### #.#..
#.......###....<...###...#


You could see Robin, a hobgoblin (strong) and a goblin (strong).

Vanquished Creatures
  An adder (D:2)
  A worm (D:2)
  2 dart slugs
  4 ball pythons
  2 endoplasms
  A giant cockroach (D:1)
  6 goblins (D:2)
  10 hobgoblins
  3 jackals (D:1)
  A bat (D:2)
  2 frilled lizards
  2 kobolds
  5 rats
40 creatures vanquished.

Notes
Turn   | Place    | Note
-------+----------+-------------------------------------------
     0 | D:1      | fozzywoppz the Minotaur Fighter began the quest for the
                  | Orb.
     0 | D:1      | Reached XP level 1. HP: 19/19 MP: 0/0
   130 | D:1      | Reached XP level 2. HP: 26/27 MP: 1/1
   156 | D:1      | You fall into a shaft and drop 1 floor!
   709 | D:2      | Reached XP level 3. HP: 34/34 MP: 2/2
   876 | D:2      | Noticed Robin
   897 | D:2      | Slain by a hobgoblin

Illustrated notes

Levels and vault maps discovered:
D:1:      lemuel_arrival_funnel, layout_loops_ring, minmay_tetromino_t4
D:2:      layout_rooms, hex_large, grunt_ministairs_3,
          kennysheep_generic_room_12, uniq_robin

Skill      XL: |  1  2  3 |
---------------+----------+-----
Fighting       | 4 |  4.6
Armour         | 4 |  4.1
Shields        | 4 |  4.1
Axes           | 3 |  3.1

Action                   || total
-------------------------++-------
Melee: War axe           ||    73
       Headbutt          ||    11
Armor: Scale mail        ||    36
Dodge: Dodged            ||    39
Block: Buckler           ||    38
       Reflection        ||     2

Table legend: (Time is in decaauts)
 A = Elapsed time spent in this place.
 B = Non-inter-level travel time spent in this place.
 C = Inter-level travel time spent in this place.
 D = Time resting spent in this place.
 E = Time spent auto-exploring this place.
 F = Levels seen in this place.
 G = Mean time per level.
                   A        B        C        D        E       F      G
               +--------+--------+--------+--------+--------+-----+--------+
         Total |    924 |    902 |     22 |      0 |    616 |   2 |  462.0 |
       Dungeon |    924 |    902 |     22 |      0 |    616 |   2 |  462.0 |
               +--------+--------+--------+--------+--------+-----+--------+

Top non-repeatable levels by time:
     D:1: 679 daAuts
     D:2: 245 daAuts
